AoeStats
← georgke.be

Baltic

513143753Analyzed
4v4 RM · 8d ago on Oct 12, 2026· 72m 54s· 8 players
Game mode
Random Map
Map size
Large (8 player)
Population
200
Speed
Normal
Resources
Standard
Victory
Conquest
Starting age
Dark Age
Ending age
Imperial Age
RankedLock teamsTeams togetherTeam positionsShared explorationLock speedFull tech treeHidden civsTurbo modeCheats
Victory
Defeat
🇲🇩 Romans · Moldova
1095
+12
🇦🇷 Khmer · Argentina
1046
+14
🇫🇷 Vikings · France
978
+18
🇷🇺 Bohemians · Russia
955
+19
vs
🇹🇼 Turks · Taiwan
1030
-16
🇫🇷 Cumans · France
1010
-16
🇨🇳 Khitans · China
1008
-16
🇧🇪 Bengalis · Belgium
990
-15
hold up
0:33 Loom
13:06 Feudal Age
13:54 Domestication
14:02 Double-Bit Axe
16:39 Gold Mining
17:01 Stone Mining
18:05 Forging
20:57 Wheelbarrow
24:40 Castle Age
24:02 Scale Barding Armor
25:15 Light Cavalry
25:58 Husbandry
26:38 Iron Casting
26:08 Pastoralism
26:22 Bow Saw
26:58 Chain Barding Armor
28:00 Stone Shaft Mining
45:32 Imperial Age
45:44 Heavy Rocket Cart
49:35 Chemistry
49:12 Siege Engineers
51:44 Treadmill Crane
62:55 Hussar
Gabriel2027
5:28 Loom
10:28 Feudal Age
13:43 Horse Collar
14:41 Double-Bit Axe
19:17 Wheelbarrow
24:01 Castle Age
22:17 Scale Barding Armor
22:12 Scale Mail Armor
22:23 Forging
22:33 Forging
24:21 Bloodlines
25:21 Chain Barding Armor
30:56 Iron Casting
30:56 Heavy Plow
38:53 Imperial Age
36:12 Light Cavalry
37:14 Capped Ram
39:04 Cavalier
40:20 Plate Barding Armor
40:46 Blast Furnace
54:39 Hussar
62:28 Hand Cart
62:37 Bow Saw
georgke.be
1:16 Loom
3:41 Loom
10:57 Feudal Age
12:35 Wheelbarrow
12:31 Horse Collar
12:39 Double-Bit Axe
15:55 Gold Mining
21:21 Castle Age
20:02 Stone Mining
22:19 Bow Saw
23:00 Gold Shaft Mining
23:18 Heavy Plow
24:03 Medium Warships
24:18 Town Watch
24:58 Fletching
25:08 Padded Archer Armor
30:36 Hand Cart
30:27 Town Watch
34:38 Imperial Age
32:23 Bodkin Arrow
33:04 Town Patrol
33:59 Ballistics
33:50 Masonry
33:36 Murder Holes
34:22 Scale Barding Armor
34:32 Leather Archer Armor
34:28 Forging
36:32 Chemistry
36:02 Architecture
36:06 Elite Elephant Archer
37:35 Bracer
38:41 Elite Ratha (Ranged)
43:36 Ring Archer Armor
43:17 Forging
43:27 Chain Barding Armor
42:31 Siege Elephant
46:36 Two-Man Saw
46:09 Crop Rotation
54:12 Murder Holes
56:56 Pikeman
57:38 Squires
57:26 Arson
58:39 Halberdier
George
11:34 Feudal Age
12:16 Horse Collar
12:26 Double-Bit Axe
14:31 Loom
17:03 Castle Age
19:54 Horse Collar
21:47 Fletching
23:42 Wheelbarrow
28:16 Bow Saw
33:47 Imperial Age
31:48 Gold Mining
34:20 Hand Cart
33:57 Town Watch
35:29 Gold Shaft Mining
34:18 Elite Janissary
36:18 Artillery
37:32 Caravan
44:54 Scale Barding Armor
45:00 Forging
45:19 Ballistics
45:21 Bombard Tower
44:42 Treadmill Crane
45:39 Bloodlines
45:30 Husbandry
44:51 Heavy Camel Rider
49:02 Two-Man Saw
48:31 Chain Barding Armor
48:46 Iron Casting
50:49 Redemption
52:23 Plate Barding Armor
52:48 Blast Furnace
52:39 Theocracy
56:37 Heavy Plow
CastleCrusher
10:55 Loom
13:05 Feudal Age
13:09 Feudal Age
14:29 Wheelbarrow
13:41 Double-Bit Axe
13:36 Horse Collar
17:41 Castle Age
16:30 Gold Mining
21:55 Medium Warships
23:35 Fishing Lines
25:32 Gillnets
28:00 Hand Cart
30:21 Imperial Age
28:07 Hand Cart
29:03 Bow Saw
28:54 Heavy Plow
29:30 Gold Shaft Mining
29:37 Ballistics
29:28 Padded Archer Armor
29:22 Fletching
30:49 Heavy Scorpion
32:40 Chemistry
31:46 Heavy Scorpion
37:47 Forging
37:37 Scale Mail Armor
38:36 Pikeman
39:16 Squires
40:26 Iron Casting
40:06 Chain Mail Armor
40:28 Siege Engineers
40:46 Caravan
43:26 Blast Furnace
41:48 Halberdier
48:35 Heavy Warships
49:18 Clinker Construction
49:22 Careening
49:43 Shipwright
51:36 Bodkin Arrow
51:57 Leather Archer Armor
55:21 Ballistas
55:39 Conscription
55:41 Man-at-Arms
56:45 Comitatenses
56:56 Carvel Hull
57:22 Long Swordsman
58:14 Legionary
59:27 Ring Archer Armor
Zig
12:47 Feudal Age
11:04 Loom
14:12 Double-Bit Axe
16:13 Fletching
18:31 Castle Age
18:47 Padded Archer Armor
18:53 Gold Mining
19:57 Bodkin Arrow
21:54 Ballistics
25:54 Clinker Construction
25:55 Careening
31:45 Treadmill Crane
35:45 Squires
38:21 Imperial Age
35:56 Scale Mail Armor
36:06 Forging
36:12 Leather Archer Armor
36:13 Chieftains
37:39 Chain Mail Armor
37:30 Arson
38:31 Iron Casting
43:33 Capped Ram
44:20 Horse Collar
46:26 Crossbowman
47:34 Conscription
47:23 Arbalester
48:53 Bracer
50:46 Fishing Lines
51:25 Bogsveigar
58:46 Chemistry
58:38 Ring Archer Armor
62:03 Elite Berserk
64:33 Pikeman
71:39 Siege Ram
EGIRR
10:26 Feudal Age
8:43 Loom
14:57 Castle Age
14:48 Double-Bit Axe
15:51 Bow Saw
20:07 Loom
20:40 Gold Mining
24:58 Town Watch
29:03 Wheelbarrow
30:00 Horse Collar
31:11 Stone Mining
31:56 Gold Shaft Mining
31:33 Heavy Plow
35:21 Imperial Age
33:49 Fletching
34:18 Scale Barding Armor
35:22 Hand Cart
35:55 Bodkin Arrow
36:21 Chain Barding Armor
36:30 Ballistics
37:10 Chemistry
36:25 Forging
37:18 Double Crossbow
38:57 Crop Rotation
39:09 Stone Shaft Mining
38:56 Bracer
40:14 Elite Ballista Elephant
43:00 Plate Barding Armor
43:01 Iron Casting
41:49 Elite Battle Elephant
42:30 Husbandry
42:41 Bloodlines
44:47 Elite Ballista Elephant
46:21 Caravan
49:26 Blast Furnace
50:23 Tusk Swords
52:42 Conscription
67:21 Town Patrol
69:26 Siege Engineers
70:41 Coinage
Adment_Vk
1:16 Loom
14:06 Feudal Age
20:26 Castle Age
28:28 Horse Collar
33:21 Imperial Age
40:19 Pikeman
44:57 Double-Bit Axe
46:07 Wheelbarrow
45:13 Halberdier
48:17 Chemistry
48:16 Bow Saw
51:10 Hand Cart
51:34 Caravan
55:36 Squires
56:26 Hussite Reforms
56:16 Elite Skirmisher
57:27 Fletching
61:12 Siege Engineers
62:16 Two-Man Saw
64:37 Fervor
64:48 Redemption
65:19 Arson
67:02 Houfnice
69:23 Bodkin Arrow
70:28 Conscription
Connection lost

Rejoining the realm…

Still unreachable

The connection could not be restored.

Session expired

The server has moved on; the page needs a fresh start.